 Dungeon Crawl Stone Soup version 0.23.1 (webtiles) character file.

Game seed: 5992864056595153517

65 Marnok the Covered (level 4, -1/35 HPs)
             Began as a Human Fighter on Mar 17, 2019.
             Slain by an orc warrior
             ... wielding a +0 trident
              (13 damage)
             ... on level 3 of the Dungeon.
             The game lasted 00:06:07 (1141 turns).

Marnok the Covered (Human Fighter)                  Turns: 1141, Time: 00:06:08

Health: -1/35      AC:  9    Str: 22    XL:     4   Next: 34%
Magic:  4/4        EV:  7    Int:  9    God:
Gold:   124        SH:  9    Dex: 12    Spells: 3/3 levels left

rFire    . . .     SeeInvis .   a - +0 war axe
rCold    . . .     Gourm    .   c - +0 shield
rNeg     . . .     Faith    .   b - +0 scale mail
rPois    .         Spirit   .   j - +0 helmet
rElec    .         Reflect  .   h - +0 cloak
rCorr    .         Harm     .   (no gloves)
MR       .....                  (no boots)
Stlth    ..........             (no amulet)
HPRegen  0.11/turn              (no ring)
MPRegen  0.09/turn              (no ring)

@: mighty
A: no striking features
a: no special abilities


You were on level 3 of the Dungeon.
You were very hungry.

You visited 1 branch of the dungeon, and saw 4 of its levels.

You collected 124 gold pieces.

Inventory:

Hand Weapons
 a - a +0 war axe (weapon)
Armour
 b - a +0 scale mail (worn)
 c - a +0 shield (worn)
 h - a +0 cloak (worn)
 j - a +0 helmet (worn)
Jewellery
 n - an uncursed amulet of guardian spirit {unknown}
Scrolls
 e - 2 scrolls of enchant armour {unknown}
 g - 2 scrolls of identify
 i - a scroll of teleportation
 k - a scroll of immolation {unknown}
 m - a scroll of remove curse
 p - a scroll of fear {unknown}
Potions
 d - a potion of might
 l - a potion of curing
 o - a potion of agility
Comestibles
 f - 3 rations


   Skills:
 + Level 3.3 Fighting
 + Level 3.1 Axes
 + Level 3.4 Armour
 + Level 0.2 Dodging
 + Level 3.4 Shields


You had 3 spell levels left.
You didn't know any spells.
Your spell library was empty.

Dungeon Overview and Level Annotations

Branches:
Dungeon (4/15)
 Temple: D:4-7

Altars:

Annotations:
D:3 1 runed translucent door, Tutankhamun's ghost, amateur DrCj


Message History

Things that are here:
a +0 hand axe; an orc corpse You hit the orc warrior but do no damage.
The orc warrior hits you with a +0 trident!
The orc warrior hits you with a +0 trident.
You hit the orc warrior.
The orc warrior is lightly wounded.
You block the orc warrior's attack.
You slash the orc warrior!
The orc warrior is heavily wounded.
The orc warrior closely misses you.
You feel very mighty all of a sudden. You block the orc warrior's attack.
You closely miss the orc warrior.
The orc warrior is moderately wounded.
The orc warrior barely misses you.
You slash the orc warrior!
The orc warrior is severely wounded.
The orc warrior hits you with a +0 trident!
You die...

.. .#########
##. ........ ...
...... ### ....#
... ...# ###
##'######..#
####
...oooo@...#
≈≈≈≈
(..######.## ###
≈≈?≈ .. #.# #.#
≈≈≈≈
####.##.######>#
########
.......[.(.....#
.#..<#.#
####.##.########
.#...#.# .. #.#
.#...#.# ## #.#
.....#.# #.#


You could see an orc warrior and 3 orcs.

Vanquished Creatures
  2 adders (D:2)
  A worm (D:2)
  A dart slug (D:1)
  2 leopard geckos
  An orc (D:3)
  A giant cockroach (D:1)
  4 goblins
  4 hobgoblins
  8 jackals
  3 bats (D:1)
  2 frilled lizards
  3 kobolds
  8 rats
40 creatures vanquished.

Notes
Turn   | Place    | Note
-------+----------+-------------------------------------------
     0 | D:1      | Marnok the Human Fighter began the quest for the Orb.
     0 | D:1      | Reached XP level 1. HP: 18/18 MP: 1/1
    28 | D:1      | Reached XP level 2. HP: 19/24 MP: 2/2
   429 | D:1      | Reached XP level 3. HP: 29/29 MP: 3/3
   761 | D:3      | Found a runed translucent door.
   761 | D:3      | Noticed Tutankhamun's ghost (amateur DrCj)
   761 | D:3      | Noticed a bullfrog
   790 | D:3      | Reached XP level 4. HP: 32/35 MP: 4/4
  1129 | D:3      | Noticed an orc warrior
  1141 | D:3      | Slain by an orc warrior

Skill      XL: |  1  2  3  4 |
---------------+-------------+-----
Axes           | 3 |  3.1
Fighting       | |  3.3
Armour         | |  3.4
Dodging        | |  0.2
Shields        | |  3.4

Action                   |  1- 3 |  4- 6 || total
-------------------------+-------+-------++-------
Melee: War axe           |   109 |    23 ||   132
  Use: Potion            |     3 |     1 ||     4
       Scroll            |     3 |       ||     3
Armor: Scale mail        |    67 |     5 ||    72
Dodge: Dodged            |    55 |     9 ||    64
Block: Shield            |    70 |    10 ||    80
